 Dungeon Sprint DCSS version 0.21-a0-94-gdd6ab6a (webtiles) character file.

28 Kidiri the Sneak (level 2, -8/15 HPs)
             Began as a Spriggan Enchanter on July 1, 2017.
             Was an Initiate of Dithmenos.
             Killed from afar by a deep elf elementalist (17 damage)
             ... with a freezing blast
             ... in the Dungeon (Sprint V: "Ziggurat Sprint").
             The game lasted 00:01:56 (195 turns).

Kidiri the Sneak (Spriggan Enchanter)                Turns: 195, Time: 00:01:57

Health: -8/15      AC:  2    Str:  4    XL:     2   Next: 96%
Magic:  6/8        EV: 22    Int: 16    God:    Dithmenos [......]
Gold:   0          SH:  2    Dex: 28    Spells: 6/9 levels left

rFire    . . .     SeeInvis +   J - +5 quick blade
rCold    . . .     Gourm    .   (shield restricted)
rNeg     . . .     Faith    .   b - +0 robe
rPois    .         Spirit   .   (helmet restricted)
rElec    .         Reflect  +   (no cloak)
rCorr    .         Harm     .   (gloves unavailable)
MR       .....     NoTele   +   (boots unavailable)
Stlth    ++++......             a - +2 amulet of reflection
HPRegen  0.05/turn              y - +6 ring of dexterity
MPRegen  0.11/turn              z - +6 ring of dexterity

@: very slightly contaminated, very quick
A: unfitting armour, see invisible, herbivore 3, speed 3, slow metabolism 2
a: Renounce Religion


You were in the Dungeon.
You worshipped Dithmenos.
Dithmenos was noncommittal.
You were not hungry.

You visited 1 branch

Inventory:

Hand Weapons
 J - a +5 quick blade (weapon)
 K - a +5 rapier
Armour
 b - a +0 robe (worn)
 I - +5 gold dragon scales
Jewellery
 a - a +2 amulet of reflection (around neck)
 y - a +6 ring of dexterity (left hand)
 z - a +6 ring of dexterity (right hand)
 A - a +6 ring of intelligence
 B - a +6 ring of intelligence
 C - a +6 ring of strength
 D - a +6 ring of strength
Wands
 E - a wand of disintegration (7/24)
 F - a wand of iceblast (5/15)
 G - a wand of lightning (5/15)
 H - a wand of acid (5/15)
Scrolls
 j - 4 scrolls of blinking
 q - 4 scrolls of amnesia
 r - 3 scrolls of recharging
 s - 7 scrolls of fog
 t - a scroll of holy word
 u - 5 scrolls of identify
 v - 5 scrolls of remove curse
 w - 2 scrolls of fear
Potions
 e - 10 potions of curing
 f - 10 potions of heal wounds
 g - 6 potions of haste
 h - 7 potions of magic
 i - 3 potions of berserk rage
 k - 2 potions of brilliance
 l - 2 potions of invisibility
 m - 4 potions of resistance
 o - 5 potions of agility
 p - 5 potions of might
Books
 c - a book of Maledictions

   Spells                             Type                      Level
   a - Corona                         Hexes                        1
   b - Ensorcelled Hibernation        Hexes/Ice                    2
   c - Confuse                        Hexes                        3
   d - Tukima's Dance                 Hexes                        3
   e - Dazzling Spray                 Conjuration/Hexes            3
Comestibles
 d - 5 bread rations
 x - 42 fruits


   Skills:
 + Level 1.7 Fighting
 + Level 2.8 Short Blades
 + Level 1.5 Armour
 + Level 4.5 Dodging
 * Level 7.2 Stealth
 + Level 4.0 Spellcasting
 + Level 4.6 Hexes
 + Level 2.5 Invocations
 + Level 3.1 Evocations


You had 6 spell levels left.
You knew the following spells:

 Your Spells              Type           Power        Failure   Level  Hunger
a - Corona                Hex            ###....      2%          1    None
b - Ensorcelled Hibernat  Hex/Ice        ##....       10%         2    ##.....


Dungeon Overview and Level Annotations

Branches:
Dungeon (1/1)

Altars:
Ashenzari
Cheibriados
Dithmenos
Elyvilon
Fedhas
Gozag
Hepliaklqana
Kikubaaqudgha
Makhleb
Nemelex Xobeh
Okawaru
Qazlal
Ru
Sif Muna
Trog
Uskayaw
Vehumet
Wu Jian
Xom
Yredelemnul
Zin
The Shining One
Beogh
Jiyva
Lugonu

Annotations:
D 1 transporter


Innate Abilities, Weirdness & Mutations

You are very small and have problems with some larger weapons.
You are too small for most types of armour.
You have supernaturally acute eyesight. (SInv)
You are a herbivore.
You cover ground extremely quickly.
You need consume almost no food.


Message History

Press: ? - help, Shift-Dir - straight line, f - orc high priest
Aim: an orc high priest, wielding a long sword and wearing a ring mail (chance to defeat MR: 13%)
You miscast Ensorcelled Hibernation.
You are very lightly contaminated with residual magic.
You feel off-balance for a moment.
The orc high priest hits you with a long sword.
The deep elf elementalist hits you with a dagger.
The water elemental misses you.
Unknown command.
The orc high priest prays to Beogh.
Casting: Ensorcelled Hibernation
Confirm with . or Enter, or press ? or * to list all spells.
Aiming: Ensorcelled Hibernation
Press: ? - help, Shift-Dir - straight line, f/p - orc high priest
Aim: an orc high priest, wielding a long sword and wearing a ring mail (chance to defeat MR: 13%)
Okay, then.
The deep elf elementalist gestures at you while chanting.
The freezing blast engulfs you!
Ouch! That really hurt!
You die...

▓▓▓▓▓▓▓▓▓▓▓▓▓
▓.8©8.▓.8©8.▓
▓3:o).▓.....▓
▓..eE.▓...[.▓
▓....4▓..%..▓
▓.....▓.....▓
▓.@...▓.....▓
▓.....▓▓▓▓▓▓▓
▓▓▓▓▓▓▓


You could see a deep elf elementalist, an orc high priest, a water elemental, a
sixfirhy and a red devil.

Vanquished Creatures
  2 river rats (D)
2 creatures vanquished.

Vanquished Creatures (others)
  Sonja (D)
  Prince Ribbit (D)
  Ijyb (D)
3 creatures vanquished.

Grand Total: 5 creatures vanquished

Notes
Turn   | Place    | Note
-------+----------+-------------------------------------------
     0 | D        | Kidiri the Spriggan Enchanter began the quest for the Orb.
     0 | D        | Reached XP level 1. HP: 9/9 MP: 5/5
     0 | D        | Found a deep blue altar of Sif Muna.
     0 | D        | Found a sacrificial altar of Ru.
     0 | D        | Found a bloodstained altar of Trog.
     0 | D        | Found a stormy altar of Qazlal.
     0 | D        | Found an iron altar of Okawaru.
     0 | D        | Found a sparkling altar of Nemelex Xobeh.
     0 | D        | Found a blossoming altar of Fedhas.
     2 | D        | Found a transporter.
     2 | D        | Found an ancient bone altar of Kikubaaqudgha.
     2 | D        | Found a viscous altar of Jiyva.
     2 | D        | Found a corrupted altar of Lugonu.
     2 | D        | Found a hazy altar of Hepliaklqana.
     2 | D        | Found a burning altar of Makhleb.
     2 | D        | Found an opulent altar of Gozag.
     4 | D        | Killed Ijyb
    83 | D        | Became a worshipper of Dithmenos the Shadowed
    84 | D        | Reached skill level 1 in Fighting
    84 | D        | Reached skill level 1 in Armour
    84 | D        | Reached skill level 6 in Stealth
    84 | D        | Reached XP level 2. HP: 14/14 MP: 5/7
    88 | D        | Learned a level 2 spell: Ensorcelled Hibernation
    90 | D        | Killed Sonja
   110 | D        | Entered arena 2.
   110 | D        | Found a transporter.
   114 | D        | Reached skill level 7 in Stealth
   166 | D        | Killed Prince Ribbit
   186 | D        | Entered arena 3.
   186 | D        | Noticed a deep elf elementalist
   186 | D        | Noticed an orc high priest
   186 | D        | Noticed a water elemental
   186 | D        | Found a transporter.
   194 | D        | Noticed a red devil
   194 | D        | Noticed a sixfirhy
   195 | D        | Killed from afar by a deep elf elementalist

Vault maps used:
D:        sprint_v

Skill      XL: |  1  2 |
---------------+-------+-----
Fighting       | 1 |  1.7
Short Blades   | 2 |  2.8
Armour         | 1 |  1.5
Dodging        | 4 |  4.5
Stealth        | 6 7 |  7.2
Spellcasting   | 3 4 |  4.0
Hexes          | 4 |  4.6
Invocations    | 2 |  2.5
Evocations     | 2 3 |  3.1

Action                   || total
-------------------------++-------
Melee: Quick blade       ||     8
 Cast: Ensorcelled Hiber ||     2
  Use: Potion            ||     1
 Stab: Sleeping          ||     2
Dodge: Dodged            ||     9
